 Dungeon Crawl Stone Soup version 0.23-a0-108-gf7ee2ed (webtiles) character file.

299 Amnesiac the Magician (level 6, 0/41 HPs)
             Began as a Mummy Air Elementalist on Aug 21, 2018.
             Killed by divine providence
             ... invoked by an orc priest
              (13 damage)
             ... on level 4 of the Dungeon.
             The game lasted 00:03:53 (1494 turns).

Amnesiac the Magician (Mummy Air Elementalist)      Turns: 1494, Time: 00:03:53

Health: 0/41       AC:  3    Str: 11    XL:     6   Next: 13%
Magic:  6/13       EV: 12    Int: 17    God:
Gold:   22         SH:  0    Dex: 12    Spells: 2/14 levels left

rFire    x . .     SeeInvis .   d - +0 trident
rCold    + . .     Gourm    .   (no shield)
rNeg     + + +     Faith    .   a - +0 robe
rPois    ∞         Spirit   .   (no helmet)
rElec    .         Reflect  .   (no cloak)
rCorr    .         Harm     .   c - +0 pair of gloves
MR       .....                  (no boots)
Stlth    ++........             (no amulet)
HPRegen  0.13/turn              (no ring)
MPRegen  0.13/turn              (no ring)

@: no status effects
A: no food or potions, fire vulnerability, cold resistance 1, negative energy
resistance 3, torment resistance, unbreathing
a: no special abilities


You were on level 4 of the Dungeon.
You were not hungry.

You visited 1 branch of the dungeon, and saw 5 of its levels.

You collected 22 gold pieces.

Inventory:

Hand Weapons
 d - a +0 trident (weapon)
Armour
 a - a +0 robe (worn)
 c - a +0 pair of gloves (worn)
Scrolls
 b - a scroll of teleportation {!r, unknown}
 e - a scroll of fear {!r, unknown}
 f - a scroll of remove curse {!r, unknown}
 g - a scroll of amnesia {!r, unknown}


   Skills:
 - Level 1.5 Dodging
 - Level 1.5 Stealth
 + Level 4.9 Spellcasting
 - Level 0.7 Conjurations
 * Level 4.9 Air Magic


You had 2 spell levels left.
You knew the following spells:

 Your Spells              Type           Power        Failure   Level  Hunger
a - Shock                 Conj/Air       ##..         4%          1    N/A
b - Lightning Bolt        Conj/Air       ##........   77%         5    N/A
d - Airstrike             Air            ###.......   19%         4    N/A
z - Swiftness             Chrm/Air       ##......     8%          2    N/A

Your spell library contained the following spells:

 Spells                   Type           Power        Failure   Level  Hunger
 Static Discharge         Conj/Air       ##......     13%         3    N/A

Dungeon Overview and Level Annotations

Branches:
Dungeon (5/15)
 Temple: D:4-7

Altars:
Xom


Innate Abilities, Weirdness & Mutations

You do not eat or drink.
Your flesh is vulnerable to fire.
You are immune to poison.
Your flesh is cold resistant. (rC+)
You are immune to negative energy. (rN+++)
You are immune to unholy pain and torment.
You can survive without breathing.


Message History

Things that are here:
a trident; an orc corpse
Casting: Shock (safe; 4% risk of failure)
Confirm with . or Enter, or press ? or * to list all spells.
Aiming: Shock (safe; 4% risk of failure)
Press: ? - help, Shift-Dir - straight line, f - orc
Aim: an orc, wielding a mace (almost dead)
Okay, then.
The orc misses you.
Casting: Shock (safe; 4% risk of failure)
Confirm with . or Enter, or press ? or * to list all spells.
Aiming: Shock (safe; 4% risk of failure)
Press: ? - help, Shift-Dir - straight line The zap hits the orc.
You kill the orc!
The zap hits the orc priest.
The orc priest is lightly wounded.
The zap hits the orc priest.
The orc priest appears unharmed.
The orc priest is lightly wounded.
Unknown command.
Casting: Shock (safe; 4% risk of failure)
Confirm with . or Enter, or press ? or * to list all spells.
Aiming: Shock (safe; 4% risk of failure)
Press: ? - help, Shift-Dir - straight line The zap misses the orc priest.
The zap hits the orc priest.
The orc priest is moderately wounded.
The orc priest calls down the wrath of Beogh upon you.
Beogh smites you!
* * * LOW HITPOINT WARNING * * *
Casting: Shock (safe; 4% risk of failure)
Confirm with . or Enter, or press ? or * to list all spells.
Aiming: Shock (safe; 4% risk of failure)
Press: ? - help, Shift-Dir - straight line The zap misses the orc priest.
The zap hits the orc priest.
The orc priest is moderately wounded.
The orc priest barely misses you.
Casting: Shock (safe; 4% risk of failure)
Confirm with . or Enter, or press ? or * to list all spells.
Aiming: Shock (safe; 4% risk of failure)
Press: ? - help, Shift-Dir - straight line The zap hits the orc priest.
The orc priest is severely wounded.
The zap misses the orc priest.
The orc priest hits you.
* * * LOW HITPOINT WARNING * * *
Casting: Shock (safe; 4% risk of failure)
Confirm with . or Enter, or press ? or * to list all spells.
Aiming: Shock (safe; 4% risk of failure)
Press: ? - help, Shift-Dir - straight line The zap hits the orc priest.
The orc priest appears unharmed.
The orc priest is severely wounded.
The zap hits the orc priest.
The orc priest is severely wounded.
The orc priest hits you but does no damage.
Casting: Shock (safe; 4% risk of failure)
Confirm with . or Enter, or press ? or * to list all spells.
Aiming: Shock (safe; 4% risk of failure)
Press: ? - help, Shift-Dir - straight line The zap hits the orc priest.
The orc priest is almost dead.
The zap hits the orc priest.
The orc priest appears unharmed.
The orc priest is almost dead.
The orc priest invokes the aid of Beogh against you.
Beogh smites you!
You die...

###(### #.##.
##...##########.##.
#####..##......(.......
#.....###.........#.###
######.......#.........#.#
....[......#...........#.#
......#....###...[....#..#
........#....#........#.##
.......##..@.##########.#
######.##...o####.......##
#########.........)...........#
#............#....##)##########
#.......†<.#.#....#).#
#...<.....(#...####)##
#..........###..# #.#
########...........o.
#######.#....).


You could see an orc priest.

Vanquished Creatures
  A centaur (D:4)
  A hound (D:4)
  2 orc priests
  An iguana (D:4)
  Natasha (D:2)
  3 gnolls (D:4)
  2 adders
  7 orcs
  A bat (D:2)
  A giant cockroach (D:4)
  7 jackals
  A quokka (D:2)
  3 frilled lizards (D:3)
  2 kobolds (D:1)
  4 rats
37 creatures vanquished.

Vanquished Creatures (others)
  A leopard gecko (D:3)
  A bat (D:3)
  4 goblins (D:3)
  A hobgoblin (D:3)
7 creatures vanquished.

Grand Total: 44 creatures vanquished

Notes
Turn   | Place    | Note
-------+----------+-------------------------------------------
     0 | D:1      | Amnesiac the Mummy Air Elementalist began the quest for the Orb.
     0 | D:1      | Reached XP level 1. HP: 13/13 MP: 4/4
   131 | D:2      | Noticed Natasha
   193 | D:2      | Noticed an iron imp
   196 | D:2      | Killed Natasha
   196 | D:2      | Reached XP level 2. HP: 2/19 MP: 0/6
   196 | D:2      | Reached XP level 3. HP: 3/24 MP: 0/7
   440 | D:2      | Learned a level 2 spell: Swiftness
   661 | D:3      | Reached XP level 4. HP: 29/30 MP: 2/9
   741 | D:3      | Learned a level 4 spell: Airstrike
   899 | D:4      | Noticed a centaur
   907 | D:4      | Killed a centaur
   907 | D:4      | Reached XP level 5. HP: 20/35 MP: 2/11
  1044 | D:4      | Learned a level 5 spell: Lightning Bolt
  1204 | D:5      | Entered Level 5 of the Dungeon
  1232 | D:4      | Found a shimmering altar of Xom.
  1386 | D:4      | Reached XP level 6. HP: 41/41 MP: 8/13
  1494 | D:4      | Killed from afar by an orc priest

Vault maps used:
D:1:      minmay_arrival_five_plusses
D:2:      uniq_natasha
D:3:      fiery_altar_vehumet, first_ration, uniq_robin,
          uniq_crazy_yiuf_cottage, uniq_terence, uniq_sigmund
D:4:      trog_eyes_of_draining, nicolae_overflow_crystal_walls,
          kennysheep_cross_bottleneck
D:5:      marbit_many_paths, uniq_ijyb

Skill      XL: |  1  2  3  4 |
---------------+-------------+-----
Spellcasting   | 3 4 |  4.9
Air Magic      | 3 4 |  4.9
Dodging        | |  1.5
Stealth        | |  1.5
Conjurations   | |  0.7

Action                   |  1- 3 |  4- 6 || total
-------------------------+-------+-------++-------
Melee: Unarmed           |     4 |       ||     4
 Cast: Shock             |    30 |    54 ||    84
Armor: Robe              |     8 |     3 ||    11
Dodge: Dodged            |    21 |    24 ||    45

Table legend:
 A = Non-vault XP
 B = Vault XP
 C = Vault XP percentage of total XP
 D = Non-vault monster count
 E = Vault monster count
 F = Vault count percentage of total count
                 A         B        C        D         E       F
            +---------+---------+-------+---------+---------+-------
      Total |     393 |      35 |   8.2 |      36 |       1 |   2.7
            +---------+---------+-------+---------+---------+-------
        D:1 |       3 |       0 |   0.0 |       3 |       0 |   0.0
        D:2 |      27 |      35 |  56.5 |       9 |       1 |  10.0
        D:3 |      53 |       0 |   0.0 |       7 |       0 |   0.0
        D:4 |     310 |       0 |   0.0 |      17 |       0 |   0.0
            +---------+---------+-------+---------+---------+-------
